Havana Tropicals vs Atlantic City Gamblers
Created - Friday, August 25, 2023 at 06:42
Goals
|
| Havana Tropicals |
0 |
3 |
2 |
5 |
| Atlantic City Gamblers |
1 |
2 |
3 |
6 |
|
Shots
|
| Havana Tropicals |
3 |
22 |
8 |
33 |
| Atlantic City Gamblers |
11 |
11 |
20 |
42 |
|
1st period
1. Atlantic City Gamblers , Jean-Luc Foudy 2 (Fabian Zetterlund 4, Jakub Lauko 2) at 7:34
Penalties :
Yegor Chinakhov (ACG) for Hooking (Minor) at 9:16
2nd period
2. Havana Tropicals , Alexander Nylander 1 (Pavel Dorofeyev 2) at 2:16
3. Havana Tropicals , Philipp Kurashev 1 (Dennis Cholowski 1, Emil Bemstrom 1) at 5:45
4. Atlantic City Gamblers , Nick Foligno 2 (Nils Hoglander 2, Yegor Chinakhov 2) at 6:05 (PP)
5. Havana Tropicals , Samuel Blais 1 (Timothy Liljegren 1) at 10:32
6. Atlantic City Gamblers , Yegor Chinakhov 3 (Nils Hoglander 3, Nick Foligno 4) at 12:35
Penalties :
Milan Lucic (HAV) for Goalie Interference (Minor) at 5:52, Jakub Lauko (ACG) for Hooking (Minor) at 13:07
3rd period
7. Atlantic City Gamblers , Fabian Zetterlund 1 (Jean-Luc Foudy 2, Jakub Lauko 3) at 1:43
8. Havana Tropicals , Pierre-edouard Bellemare 1 (Milan Lucic 1, Arvid Soderblom) at 3:01 (PP)
9. Atlantic City Gamblers , Hendrix Lapierre 1 (Alex Beaucage 1, Egor Sokolov 1) at 11:08
10. Havana Tropicals , Philipp Kurashev 2 (Emil Bemstrom 2) at 11:53
11. Atlantic City Gamblers , Jean-Luc Foudy 3 (Fabian Zetterlund 5, Filip Roos 1) at 14:17 (PP)
Penalties :
Simon Edvinsson (ACG) for Hooking (Minor) at 2:05, Jakub Lauko (ACG) for Hooking (Minor) at 4:53, Timothy Liljegren (HAV) for Hooking (Minor) at 13:27
Goalie Stats
Arvid Soderblom (HAV), 36 saves from 42 shots - (0.857), L, 0-2-0, 60:00 minutes
Brian Elliott (ACG), 28 saves from 33 shots - (0.848), W, 2-1-0, 60:00 minutes
Players Stats for Havana Tropicals
Player Name G A P +/- PIM S H SB GA TA FO MP PP MP PK MP
------------------------------------------------------------------------------------
Alexander Nylander 1 0 1 -1 0 2 1 0 0 1 1/1 12:57 0:00 0:00
Chris Tierney 0 0 0 0 0 2 1 1 1 2 3/4 16:34 0:00 0:00
Darren Raddysh 0 0 0 -1 0 1 2 2 0 2 0/0 20:07 3:18 0:50
Dennis Cholowski 0 1 1 -1 0 1 1 4 0 2 0/0 20:12 3:18 0:50
Elmer Soderblom 0 0 0 0 0 1 0 0 1 0 0/0 6:45 0:00 0:00
Emil Bemstrom 0 2 2 1 0 1 1 2 0 0 0/1 20:29 3:28 0:50
Henrik Borgstrom 0 0 0 0 0 0 0 0 0 0 0/0 1:31 0:02 0:00
Mattias Norlinder 0 0 0 0 0 1 1 0 0 1 0/0 12:41 0:00 0:00
Milan Lucic 0 1 1 0 2 0 1 0 0 0 1/3 18:50 3:23 0:00
Nolan Foote 0 0 0 -1 0 0 1 0 0 0 1/2 4:26 0:02 0:00
Pavel Dorofeyev 0 1 1 -1 0 2 1 0 0 0 0/8 12:57 0:00 0:00
Philipp Kurashev 2 0 2 2 0 7 2 1 1 1 9/22 24:57 3:28 0:13
Pierre-edouard Bellemare 1 0 1 0 0 5 1 0 0 0 11/15 19:41 3:23 0:50
Samuel Blais 1 0 1 0 0 3 2 0 1 0 0/1 18:51 3:23 0:00
Teddy Blueger 0 0 0 1 0 0 1 2 0 0 2/2 19:44 3:28 0:13
Timothy Liljegren 0 1 1 1 2 1 1 2 1 3 0/0 27:11 3:35 0:13
Zach Aston-Reese 0 0 0 -1 0 2 3 0 1 1 0/0 13:50 0:02 0:00
Zach Whitecloud 0 0 0 1 0 4 1 6 0 2 0/0 27:12 3:35 0:13
Players Stats for Atlantic City Gamblers
Player Name G A P +/- PIM S H SB GA TA FO MP PP MP PK MP
------------------------------------------------------------------------------------
Alex Beaucage 0 1 1 1 0 1 2 0 0 0 0/0 8:43 0:00 0:00
Alexander Holtz 0 0 0 -3 0 2 1 1 1 1 0/0 12:24 0:00 0:00
Boris Katchouk 0 0 0 -3 0 3 0 0 0 0 0/1 13:05 0:00 0:38
Cal Foote 0 0 0 1 0 2 3 0 0 0 0/0 23:07 0:13 3:20
Egor Sokolov 0 1 1 1 0 3 2 0 0 0 0/0 8:43 0:00 0:00
Fabian Zetterlund 1 2 3 2 0 7 4 2 1 0 1/2 18:51 0:50 3:15
Filip Roos 0 1 1 1 0 1 0 1 1 1 0/0 20:42 0:50 3:33
Hendrix Lapierre 1 0 1 1 0 2 1 0 0 0 1/2 8:43 0:00 0:00
Jakub Lauko 0 2 2 2 4 1 1 0 2 0 0/1 15:59 0:50 0:00
Jean-Luc Foudy 2 1 3 2 0 5 2 0 0 0 9/16 15:35 0:50 0:00
Linus Karlsson 0 0 0 -3 0 0 2 0 1 2 6/11 13:48 0:00 1:13
Nick Foligno 1 1 2 0 0 3 1 0 3 0 10/20 19:33 0:13 3:12
Nicolas Hague 0 0 0 1 0 0 1 1 3 0 0/0 23:07 0:13 3:20
Nils Hoglander 0 2 2 0 0 4 0 0 1 0 4/5 19:09 0:13 3:12
Ronnie Attard 0 0 0 -2 0 1 1 0 0 1 0/0 16:29 0:00 0:00
Simon Edvinsson 0 0 0 -2 2 1 1 0 0 1 0/0 16:02 0:00 0:00
Thomas Harley 0 0 0 1 0 2 1 1 1 0 0/0 20:24 0:50 3:33
Yegor Chinakhov 1 1 2 0 2 4 1 0 1 0 0/1 18:39 0:13 2:16
3 Stars
1 - Jean-Luc Foudy (ACG)
2 - Fabian Zetterlund (ACG)
3 - Philipp Kurashev (HAV)
Power Play
Havana Tropicals - 1 on 4 Attempt(s) - 25.00%
Atlantic City Gamblers - 2 on 2 Attempt(s) - 100.00%
Penalty Kill
Havana Tropicals - 0 on 2 Attempt(s) - 0.00%
- Score 0 goal in Penalty Kill
Atlantic City Gamblers - 3 on 4 Attempt(s) - 75.00%
- Score 0 goal in Penalty Kill
Team Stat
Havana Tropicals - Hits : 21 - Faceoff Wins : 28 - Blocked Shots : 20 - Penalty Minutes : 4
Atlantic City Gamblers - Hits : 24 - Faceoff Wins : 31 - Blocked Shots : 6 - Penalty Minutes : 8
Official
Referees : Evgeny Romasko and Chris Lee
Linesman : Brad Kovachik and Trent Knorr
Game Notes
No Game Note
Havana Tropicals
5 vs 5 Forward
Center Left Wing Right Wing Time % Phy DF OF
1 Philipp Kurashev Teddy Blueger Emil Bemstrom 30 1 2 2
2 Pierre-edouard Bellemare Samuel Blais Milan Lucic 30 1 2 2
3 Pavel Dorofeyev Zach Aston-Reese Alexander Nylander 25 1 2 2
4 Chris Tierney Elmer Soderblom Philipp Kurashev 15 1 2 2
5 vs 5 Defense
Defense Defense Time % Phy DF OF
1 Timothy Liljegren Zach Whitecloud 30 1 2 2
2 Darren Raddysh Dennis Cholowski 30 1 2 2
3 Mattias Norlinder Chris Tierney 25 1 2 2
4 Timothy Liljegren Zach Whitecloud 15 1 2 2
PowerPlay Forward
Center Left Wing Right Wing Time % Phy DF OF
1 Philipp Kurashev Teddy Blueger Emil Bemstrom 50 1 2 2
2 Pierre-edouard Bellemare Samuel Blais Milan Lucic 50 1 2 2
PowerPlay Defense
Defense Defense Time % Phy DF OF
1 Timothy Liljegren Zach Whitecloud 50 1 2 2
2 Darren Raddysh Dennis Cholowski 50 1 2 2
Penalty Kill 4 Players Forward
Center Wing Time % Phy DF OF
1 Philipp Kurashev Teddy Blueger 50 1 2 2
2 Pierre-edouard Bellemare Emil Bemstrom 50 1 2 2
Penalty Kill 4 Players Defense
Defense Defense Time % Phy DF OF
1 Timothy Liljegren Zach Whitecloud 50 1 2 2
2 Darren Raddysh Dennis Cholowski 50 1 2 2
Penalty Kill - 3 Players Forward
Forward Time % Phy DF OF
1 Philipp Kurashev 50 1 2 2
2 Teddy Blueger 50 1 2 2
Penalty Kill - 3 Players Defense
Defense Defense Time % Phy DF OF
1 Timothy Liljegren Zach Whitecloud 50 1 2 2
2 Darren Raddysh Dennis Cholowski 50 1 2 2
4 vs 4 Forward
Center Wing Time % Phy DF OF
1 Philipp Kurashev Teddy Blueger 50 1 2 2
2 Pierre-edouard Bellemare Emil Bemstrom 50 1 2 2
4 vs 4 Defense
Defense Defense Time % Phy DF OF
1 Timothy Liljegren Zach Whitecloud 50 1 2 2
2 Darren Raddysh Dennis Cholowski 50 1 2 2
Last Minutes Offensive
Center Left Wing Right Wing Defense Defense
Philipp Kurashev Teddy Blueger Emil Bemstrom Timothy Liljegren Zach Whitecloud
Last Minutes Defensive
Center Left Wing Right Wing Defense Defense
Philipp Kurashev Teddy Blueger Emil Bemstrom Timothy Liljegren Zach Whitecloud
Goaltenders
Starting : Arvid Soderblom
Backup : Eric Comrie
Extra Forwards
Normal : Nolan Foote, Henrik Borgstrom, Zach Aston-Reese - PP : Nolan Foote, Henrik Borgstrom - PK : Zach Aston-Reese
Extra Defensemen
Normal : Mattias Norlinder, Darren Raddysh, Dennis Cholowski - PP : Mattias Norlinder - PK : Darren Raddysh, Dennis Cholowski
Penalty Shots
Philipp Kurashev, Teddy Blueger, Pierre-edouard Bellemare, Emil Bemstrom, Samuel Blais
Atlantic City Gamblers
5 vs 5 Forward
Center Left Wing Right Wing Time % Phy DF OF
1 Nick Foligno Yegor Chinakhov Nils Hoglander 30 1 2 2
2 Jean-Luc Foudy Fabian Zetterlund Jakub Lauko 30 1 2 2
3 Linus Karlsson Boris Katchouk Alexander Holtz 25 1 2 2
4 Hendrix Lapierre Egor Sokolov Alex Beaucage 15 1 2 2
5 vs 5 Defense
Defense Defense Time % Phy DF OF
1 Nicolas Hague Cal Foote 35 1 2 2
2 Thomas Harley Filip Roos 35 1 2 2
3 Ronnie Attard Simon Edvinsson 30 1 2 2
4 Nicolas Hague Cal Foote 0 1 2 2
PowerPlay Forward
Center Left Wing Right Wing Time % Phy DF OF
1 Nick Foligno Yegor Chinakhov Nils Hoglander 50 1 2 2
2 Jean-Luc Foudy Fabian Zetterlund Jakub Lauko 50 1 2 2
PowerPlay Defense
Defense Defense Time % Phy DF OF
1 Nicolas Hague Cal Foote 50 1 2 2
2 Thomas Harley Filip Roos 50 1 2 2
Penalty Kill 4 Players Forward
Center Wing Time % Phy DF OF
1 Nick Foligno Yegor Chinakhov 50 1 2 2
2 Nils Hoglander Fabian Zetterlund 50 1 2 2
Penalty Kill 4 Players Defense
Defense Defense Time % Phy DF OF
1 Nicolas Hague Cal Foote 50 1 2 2
2 Thomas Harley Filip Roos 50 1 2 2
Penalty Kill - 3 Players Forward
Forward Time % Phy DF OF
1 Nick Foligno 50 1 2 2
2 Yegor Chinakhov 50 1 2 2
Penalty Kill - 3 Players Defense
Defense Defense Time % Phy DF OF
1 Nicolas Hague Cal Foote 50 1 2 2
2 Thomas Harley Filip Roos 50 1 2 2
4 vs 4 Forward
Center Wing Time % Phy DF OF
1 Nick Foligno Yegor Chinakhov 50 1 2 2
2 Nils Hoglander Fabian Zetterlund 50 1 2 2
4 vs 4 Defense
Defense Defense Time % Phy DF OF
1 Nicolas Hague Cal Foote 50 1 2 2
2 Thomas Harley Filip Roos 50 1 2 2
Last Minutes Offensive
Center Left Wing Right Wing Defense Defense
Nick Foligno Yegor Chinakhov Nils Hoglander Nicolas Hague Cal Foote
Last Minutes Defensive
Center Left Wing Right Wing Defense Defense
Nick Foligno Yegor Chinakhov Nils Hoglander Nicolas Hague Cal Foote
Goaltenders
Starting : Brian Elliott
Backup : Isaiah Saville
Extra Forwards
Normal : Boris Katchouk, Egor Sokolov, Linus Karlsson - PP : Boris Katchouk, Egor Sokolov - PK : Linus Karlsson
Extra Defensemen
Normal : Ronnie Attard, Simon Edvinsson, Thomas Harley - PP : Ronnie Attard - PK : Simon Edvinsson, Thomas Harley
Penalty Shots
Nick Foligno, Yegor Chinakhov, Nils Hoglander, Fabian Zetterlund, Boris Katchouk
% Time on Ice - Havana Tropicals
Lines # - Real PCT - Wanted PCT - Time Play
Normal Forward
1 - 29% - 30% - 14:55
2 - 32% - 30% - 16:19
3 - 25% - 25% - 12:57
4 - 13% - 15% - 6:45
Normal Defense
1 - 30% - 30% - 15:10
2 - 31% - 30% - 15:59
3 - 25% - 25% - 12:41
4 - 14% - 15% - 7:06
PP Forward
1 - 50% - 50% - 3:28
2 - 50% - 50% - 3:25
PP Defense
1 - 52% - 50% - 3:35
2 - 48% - 50% - 3:18
PK Forward
1 - 21% - 50% - 0:13
2 - 79% - 50% - 0:50
PK Defense
1 - 21% - 50% - 0:13
2 - 79% - 50% - 0:50
PK3 Forward
1 - 0% - 50%
2 - 0% - 50%
PK3 Defense
1 - 0% - 50%
2 - 0% - 50%
44 Forward
1 - 0% - 50%
2 - 0% - 50%
44 Defense
1 - 0% - 50%
2 - 0% - 50%
Last Minute Offensive - 1:08
Last Minute Defensive - 0:00
Total
Forward - 60:00
Defense - 60:00
|
% Time on Ice - Atlantic City Gamblers
Lines # - Real PCT - Wanted PCT - Time Play
Normal Forward
1 - 30% - 30% - 15:03
2 - 29% - 30% - 14:46
3 - 24% - 25% - 12:24
4 - 17% - 15% - 8:43
Normal Defense
1 - 33% - 35% - 16:48
2 - 32% - 35% - 16:27
3 - 32% - 30% - 16:03
4 - 3% - 0% - 1:38
PP Forward
1 - 21% - 50% - 0:13
2 - 79% - 50% - 0:50
PP Defense
1 - 21% - 50% - 0:13
2 - 79% - 50% - 0:50
PK Forward
1 - 50% - 50% - 3:27
2 - 50% - 50% - 3:26
PK Defense
1 - 48% - 50% - 3:20
2 - 52% - 50% - 3:33
PK3 Forward
1 - 0% - 50%
2 - 0% - 50%
PK3 Defense
1 - 0% - 50%
2 - 0% - 50%
44 Forward
1 - 0% - 50%
2 - 0% - 50%
44 Defense
1 - 0% - 50%
2 - 0% - 50%
Last Minute Offensive - 0:00
Last Minute Defensive - 1:08
Total
Forward - 60:00
Defense - 60:00
|
Play-by-Play
1st period
0:01 of 1st period - Nick Foligno wins face-off versus Philipp Kurashev in neutral zone.
0:12 of 1st period - Teddy Blueger is hit by Cal Foote and loses puck.
0:25 of 1st period - Jakub Lauko is hit by Timothy Liljegren.
0:38 of 1st period - Icing by Pierre-edouard Bellemare.
0:39 of 1st period - Linus Karlsson wins face-off versus Pierre-edouard Bellemare in Havana Tropicals zone.
1:04 of 1st period - Zach Aston-Reese is hit by Alex Beaucage and loses puck.
1:31 of 1st period - Chris Tierney is hit by Jakub Lauko and loses puck.
1:54 of 1st period - Alexander Holtz is hit by Mattias Norlinder and loses puck.
2:46 of 1st period - Wrist shot by Fabian Zetterlund.
2:46 of 1st period - Shot Misses the Net.
2:48 of 1st period - Slapshot by Cal Foote.
2:48 of 1st period - Stopped by Arvid Soderblom with a rebound.
2:50 of 1st period - Slapshot by Nicolas Hague.
2:50 of 1st period - Deflect By Fabian Zetterlund.
2:50 of 1st period - Stopped by Arvid Soderblom with a rebound.
3:05 of 1st period - Off-side.
3:06 of 1st period - Nick Foligno wins face-off versus Pavel Dorofeyev in neutral zone.
3:09 of 1st period - Zach Whitecloud is hit by Ronnie Attard and loses puck.
3:16 of 1st period - Ronnie Attard is hit by Alexander Nylander and loses puck.
3:29 of 1st period - Timothy Liljegren is hit by Egor Sokolov and loses puck.
4:12 of 1st period - Wrist shot by Philipp Kurashev.
4:12 of 1st period - Stopped by Brian Elliott with a rebound.
5:24 of 1st period - Snap shot by Boris Katchouk.
5:24 of 1st period - Shot Misses the Net.
5:26 of 1st period - Wrist shot by Linus Karlsson.
5:26 of 1st period - Shot Misses the Net.
5:28 of 1st period - Snap shot by Boris Katchouk.
5:28 of 1st period - Shot Misses the Net.
5:56 of 1st period - Wrist shot by Emil Bemstrom.
5:56 of 1st period - Shot Misses the Net.
6:02 of 1st period - Teddy Blueger is hit by Nick Foligno and loses puck.
6:21 of 1st period - Snap shot by Milan Lucic.
6:21 of 1st period - Shot Misses the Net.
6:23 of 1st period - Wrist shot by Pierre-edouard Bellemare.
6:23 of 1st period - Stopped by Brian Elliott with a rebound.
6:25 of 1st period - Snap shot by Pierre-edouard Bellemare.
6:25 of 1st period - Shot Misses the Net.
6:52 of 1st period - Linus Karlsson is hit by Samuel Blais and loses puck.
7:34 of 1st period - Wrist shot by Fabian Zetterlund.
7:34 of 1st period - Deflect By Jean-Luc Foudy.
7:34 of 1st period - Goal by Jean-Luc Foudy - Havana Tropicals : 0 - Atlantic City Gamblers : 1.
7:35 of 1st period - Philipp Kurashev wins face-off versus Yegor Chinakhov in neutral zone.
8:13 of 1st period - Wrist shot by Fabian Zetterlund.
8:13 of 1st period - Stopped by Arvid Soderblom with a rebound.
9:16 of 1st period - Minor Penalty to Yegor Chinakhov for Hooking.
9:17 of 1st period - Philipp Kurashev wins face-off versus Nick Foligno in Atlantic City Gamblers zone.
10:03 of 1st period - Wrist shot by Nils Hoglander.
10:03 of 1st period - Shot Blocked by Dennis Cholowski.
11:16 of 1st period - Penalty to Yegor Chinakhov is over, Yegor Chinakhov is back on ice.
11:24 of 1st period - Slapshot by Hendrix Lapierre.
11:24 of 1st period - Shot Misses the Net.
11:26 of 1st period - Slapshot by Ronnie Attard.
11:26 of 1st period - Shot Misses the Net.
11:28 of 1st period - Backhand shot by Egor Sokolov.
11:28 of 1st period - Shot Misses the Net.
11:30 of 1st period - Slapshot by Simon Edvinsson.
11:30 of 1st period - Stopped by Arvid Soderblom with a rebound.
11:32 of 1st period - Slapshot by Alex Beaucage.
11:32 of 1st period - Stopped by Arvid Soderblom without a rebound.
11:33 of 1st period - Jean-Luc Foudy wins face-off versus Pavel Dorofeyev in Havana Tropicals zone.
11:34 of 1st period - Wrist shot by Fabian Zetterlund.
11:34 of 1st period - Stopped by Arvid Soderblom with a rebound.
11:36 of 1st period - Wrist shot by Fabian Zetterlund.
11:36 of 1st period - Shot Misses the Net.
11:38 of 1st period - Snap shot by Jakub Lauko.
11:38 of 1st period - Shot Misses the Net.
11:58 of 1st period - Nils Hoglander is hit by Nolan Foote and loses puck.
12:57 of 1st period - Wrist shot by Fabian Zetterlund.
12:57 of 1st period - Deflect By Egor Sokolov.
12:57 of 1st period - Deflect By Pierre-edouard Bellemare.
12:57 of 1st period - Stopped by Arvid Soderblom with a rebound.
13:15 of 1st period - Nils Hoglander is hit by Pavel Dorofeyev.
13:22 of 1st period - Icing by Nick Foligno.
13:23 of 1st period - Philipp Kurashev wins face-off versus Nick Foligno in Atlantic City Gamblers zone.
13:24 of 1st period - Wrist shot by Emil Bemstrom.
13:24 of 1st period - Deflect By Nick Foligno.
13:24 of 1st period - Stopped by Brian Elliott with a rebound.
14:11 of 1st period - Wrist shot by Yegor Chinakhov.
14:11 of 1st period - Stopped by Arvid Soderblom with a rebound.
15:13 of 1st period - Wrist shot by Nils Hoglander.
15:13 of 1st period - Stopped by Arvid Soderblom without a rebound.
15:14 of 1st period - Jean-Luc Foudy wins face-off versus Philipp Kurashev in Havana Tropicals zone.
15:39 of 1st period - Cal Foote is hit by Pierre-edouard Bellemare and loses puck.
16:12 of 1st period - Snap shot by Fabian Zetterlund.
16:12 of 1st period - Shot Blocked by Philipp Kurashev.
16:34 of 1st period - Philipp Kurashev is hit by Cal Foote and loses puck.
16:53 of 1st period - Milan Lucic is hit by Alex Beaucage.
17:15 of 1st period - Alexander Holtz is hit by Dennis Cholowski and loses puck.
18:54 of 1st period - Filip Roos is hit by Zach Aston-Reese and loses puck.
19:04 of 1st period - Icing by Zach Whitecloud.
19:05 of 1st period - Hendrix Lapierre wins face-off versus Pavel Dorofeyev in Havana Tropicals zone.
19:16 of 1st period - Timothy Liljegren is hit by Fabian Zetterlund and loses puck.
19:55 of 1st period - Snap shot by Egor Sokolov.
19:55 of 1st period - Stopped by Arvid Soderblom with a rebound.
Goals for this period are 0 for Havana Tropicals vs 1 for Atlantic City Gamblers.
Shots for this period are 3 for Havana Tropicals vs 11 for Atlantic City Gamblers.
2nd period
0:01 of 2nd period - Jean-Luc Foudy wins face-off versus Philipp Kurashev in neutral zone.
0:50 of 2nd period - Slapshot by Chris Tierney.
0:50 of 2nd period - Shot Misses the Net.
0:52 of 2nd period - Snap shot by Philipp Kurashev.
0:52 of 2nd period - Shot Blocked by Alexander Holtz.
0:54 of 2nd period - Slapshot by Zach Whitecloud.
0:54 of 2nd period - Stopped by Brian Elliott with a rebound.
0:56 of 2nd period - Wrist shot by Philipp Kurashev.
0:56 of 2nd period - Stopped by Brian Elliott with a rebound.
1:06 of 2nd period - Zach Aston-Reese is hit by Egor Sokolov and loses puck.
1:26 of 2nd period - Filip Roos is hit by Milan Lucic and loses puck.
2:04 of 2nd period - Off-side.
2:05 of 2nd period - Linus Karlsson wins face-off versus Pavel Dorofeyev in neutral zone.
2:16 of 2nd period - Wrist shot by Alexander Nylander.
2:16 of 2nd period - Goal by Alexander Nylander - Havana Tropicals : 1 - Atlantic City Gamblers : 1.
2:17 of 2nd period - Jean-Luc Foudy wins face-off versus Philipp Kurashev in neutral zone.
2:31 of 2nd period - Timothy Liljegren is hit by Fabian Zetterlund and loses puck.
2:45 of 2nd period - Icing by Jakub Lauko.
2:46 of 2nd period - Pierre-edouard Bellemare wins face-off versus Jean-Luc Foudy in Atlantic City Gamblers zone.
2:51 of 2nd period - Snap shot by Samuel Blais.
2:51 of 2nd period - Shot Misses the Net.
3:14 of 2nd period - Philipp Kurashev is hit by Jean-Luc Foudy and loses puck.
3:48 of 2nd period - Nicolas Hague is hit by Zach Aston-Reese and loses puck.
4:21 of 2nd period - Snap shot by Fabian Zetterlund.
4:21 of 2nd period - Stopped by Arvid Soderblom with a rebound.
4:23 of 2nd period - Wrist shot by Nicolas Hague.
4:23 of 2nd period - Shot Blocked by Zach Whitecloud.
4:25 of 2nd period - Snap shot by Cal Foote.
4:25 of 2nd period - Deflect By Jean-Luc Foudy.
4:25 of 2nd period - Shot Misses the Net.
4:25 of 2nd period - Puck is out of play.
4:26 of 2nd period - Alexander Nylander wins face-off versus Nick Foligno in Havana Tropicals zone.
4:35 of 2nd period - Snap shot by Pavel Dorofeyev.
4:35 of 2nd period - Stopped by Brian Elliott with a rebound.
4:37 of 2nd period - Wrist shot by Alexander Nylander.
4:37 of 2nd period - Shot Misses the Net.
4:39 of 2nd period - Snap shot by Zach Aston-Reese.
4:39 of 2nd period - Stopped by Brian Elliott with a rebound.
4:41 of 2nd period - Wrist shot by Mattias Norlinder.
4:41 of 2nd period - Shot Blocked by Filip Roos.
5:12 of 2nd period - Snap shot by Philipp Kurashev.
5:12 of 2nd period - Shot Misses the Net.
5:41 of 2nd period - Backhand shot by Philipp Kurashev.
5:41 of 2nd period - Shot Misses the Net.
5:43 of 2nd period - Slapshot by Dennis Cholowski.
5:43 of 2nd period - Shot Misses the Net.
5:45 of 2nd period - Snap shot by Philipp Kurashev.
5:45 of 2nd period - Goal by Philipp Kurashev - Havana Tropicals : 2 - Atlantic City Gamblers : 1.
5:46 of 2nd period - Pierre-edouard Bellemare wins face-off versus Nick Foligno in neutral zone.
5:52 of 2nd period - Minor Penalty to Milan Lucic for Goalie Interference.
5:53 of 2nd period - Nick Foligno wins face-off versus Philipp Kurashev in Havana Tropicals zone.
6:05 of 2nd period - Slapshot by Nick Foligno.
6:05 of 2nd period - Goal by Nick Foligno - Havana Tropicals : 2 - Atlantic City Gamblers : 2.
6:06 of 2nd period - Philipp Kurashev wins face-off versus Nick Foligno in neutral zone.
6:11 of 2nd period - Cal Foote is hit by Zach Whitecloud.
6:17 of 2nd period - Wrist shot by Emil Bemstrom.
6:17 of 2nd period - Deflect By Teddy Blueger.
6:17 of 2nd period - Shot Misses the Net.
6:17 of 2nd period - Puck is out of play.
6:18 of 2nd period - Pierre-edouard Bellemare wins face-off versus Nick Foligno in Atlantic City Gamblers zone.
6:25 of 2nd period - Snap shot by Samuel Blais.
6:25 of 2nd period - Deflect By Pierre-edouard Bellemare.
6:25 of 2nd period - Stopped by Brian Elliott with a rebound.
6:31 of 2nd period - Slapshot by Yegor Chinakhov.
6:31 of 2nd period - Stopped by Arvid Soderblom without a rebound.
6:32 of 2nd period - Teddy Blueger wins face-off versus Linus Karlsson in Havana Tropicals zone.
6:32 of 2nd period - Teddy Blueger is hit by Linus Karlsson.
6:38 of 2nd period - Linus Karlsson is hit by Teddy Blueger.
6:42 of 2nd period - Nicolas Hague is hit by Philipp Kurashev and loses puck.
7:20 of 2nd period - Slapshot by Alexander Nylander.
7:20 of 2nd period - Stopped by Brian Elliott without a rebound.
7:21 of 2nd period - Jean-Luc Foudy wins face-off versus Nolan Foote in Atlantic City Gamblers zone.
7:46 of 2nd period - Wrist shot by Fabian Zetterlund.
7:46 of 2nd period - Stopped by Arvid Soderblom without a rebound.
7:47 of 2nd period - Pierre-edouard Bellemare wins face-off versus Nick Foligno in Havana Tropicals zone.
7:54 of 2nd period - Snap shot by Samuel Blais.
7:54 of 2nd period - Stopped by Brian Elliott with a rebound.
7:56 of 2nd period - Backhand shot by Zach Whitecloud.
7:56 of 2nd period - Stopped by Brian Elliott without a rebound.
7:57 of 2nd period - Nick Foligno wins face-off versus Pierre-edouard Bellemare in Atlantic City Gamblers zone.
8:12 of 2nd period - Wrist shot by Nick Foligno.
8:12 of 2nd period - Shot Blocked by Timothy Liljegren.
8:18 of 2nd period - Wrist shot by Yegor Chinakhov.
8:18 of 2nd period - Shot Blocked by Zach Whitecloud.
8:20 of 2nd period - Snap shot by Nick Foligno.
8:20 of 2nd period - Shot Blocked by Timothy Liljegren.
8:22 of 2nd period - Snap shot by Nick Foligno.
8:22 of 2nd period - Stopped by Arvid Soderblom without a rebound.
8:23 of 2nd period - Linus Karlsson wins face-off versus Philipp Kurashev in Havana Tropicals zone.
8:24 of 2nd period - Snap shot by Boris Katchouk.
8:24 of 2nd period - Shot Blocked by Dennis Cholowski.
8:31 of 2nd period - Off-side.
8:32 of 2nd period - Linus Karlsson wins face-off versus Philipp Kurashev in neutral zone.
8:37 of 2nd period - Snap shot by Alexander Holtz.
8:37 of 2nd period - Stopped by Arvid Soderblom without a rebound.
8:38 of 2nd period - Teddy Blueger wins face-off versus Linus Karlsson in Havana Tropicals zone.
9:02 of 2nd period - Icing by Philipp Kurashev.
9:03 of 2nd period - Pierre-edouard Bellemare wins face-off versus Jean-Luc Foudy in Havana Tropicals zone.
9:29 of 2nd period - Teddy Blueger is hit by Nicolas Hague and loses puck.
9:48 of 2nd period - Snap shot by Boris Katchouk.
9:48 of 2nd period - Shot Misses the Net.
10:11 of 2nd period - Off-side.
10:12 of 2nd period - Pierre-edouard Bellemare wins face-off versus Hendrix Lapierre in neutral zone.
10:15 of 2nd period - Wrist shot by Milan Lucic.
10:15 of 2nd period - Deflect By Pierre-edouard Bellemare.
10:15 of 2nd period - Stopped by Brian Elliott without a rebound.
10:16 of 2nd period - Nick Foligno wins face-off versus Milan Lucic in Atlantic City Gamblers zone.
10:32 of 2nd period - Snap shot by Samuel Blais.
10:32 of 2nd period - Goal by Samuel Blais - Havana Tropicals : 3 - Atlantic City Gamblers : 2.
10:33 of 2nd period - Chris Tierney wins face-off versus Fabian Zetterlund in neutral zone.
10:36 of 2nd period - Snap shot by Philipp Kurashev.
10:36 of 2nd period - Shot Misses the Net.
10:38 of 2nd period - Snap shot by Chris Tierney.
10:38 of 2nd period - Shot Misses the Net.
10:40 of 2nd period - Slapshot by Darren Raddysh.
10:40 of 2nd period - Stopped by Brian Elliott without a rebound.
10:41 of 2nd period - Chris Tierney wins face-off versus Jean-Luc Foudy in Atlantic City Gamblers zone.
10:42 of 2nd period - Snap shot by Philipp Kurashev.
10:42 of 2nd period - Stopped by Brian Elliott with a rebound.
10:44 of 2nd period - Snap shot by Philipp Kurashev.
10:44 of 2nd period - Shot Misses the Net.
10:46 of 2nd period - Slapshot by Dennis Cholowski.
10:46 of 2nd period - Stopped by Brian Elliott with a rebound.
10:48 of 2nd period - Slapshot by Darren Raddysh.
10:48 of 2nd period - Shot Misses the Net.
10:50 of 2nd period - Snap shot by Darren Raddysh.
10:50 of 2nd period - Deflect By Philipp Kurashev.
10:50 of 2nd period - Stopped by Brian Elliott with a rebound.
10:52 of 2nd period - Wrist shot by Chris Tierney.
10:52 of 2nd period - Stopped by Brian Elliott with a rebound.
10:54 of 2nd period - Wrist shot by Philipp Kurashev.
10:54 of 2nd period - Shot Blocked by Fabian Zetterlund.
10:56 of 2nd period - Wrist shot by Chris Tierney.
10:56 of 2nd period - Stopped by Brian Elliott without a rebound.
10:57 of 2nd period - Pierre-edouard Bellemare wins face-off versus Nick Foligno in Atlantic City Gamblers zone.
11:22 of 2nd period - Emil Bemstrom is hit by Alexander Holtz and loses puck.
12:23 of 2nd period - Snap shot by Nick Foligno.
12:23 of 2nd period - Shot Misses the Net.
12:25 of 2nd period - Slapshot by Thomas Harley.
12:25 of 2nd period - Stopped by Arvid Soderblom without a rebound.
12:26 of 2nd period - Nick Foligno wins face-off versus Pavel Dorofeyev in Havana Tropicals zone.
12:31 of 2nd period - Slapshot by Nils Hoglander.
12:31 of 2nd period - Shot Misses the Net.
12:33 of 2nd period - Snap shot by Nils Hoglander.
12:33 of 2nd period - Stopped by Arvid Soderblom with a rebound.
12:35 of 2nd period - Snap shot by Yegor Chinakhov.
12:35 of 2nd period - Goal by Yegor Chinakhov - Havana Tropicals : 3 - Atlantic City Gamblers : 3.
12:36 of 2nd period - Philipp Kurashev wins face-off versus Linus Karlsson in neutral zone.
13:07 of 2nd period - Minor Penalty to Jakub Lauko for Hooking.
13:08 of 2nd period - Pierre-edouard Bellemare wins face-off versus Nils Hoglander in Atlantic City Gamblers zone.
13:18 of 2nd period - Wrist shot by Samuel Blais.
13:18 of 2nd period - Stopped by Brian Elliott with a rebound.
13:20 of 2nd period - Slapshot by Zach Whitecloud.
13:20 of 2nd period - Stopped by Brian Elliott with a rebound.
13:22 of 2nd period - Snap shot by Samuel Blais.
13:22 of 2nd period - Shot Blocked by Fabian Zetterlund.
13:34 of 2nd period - Fabian Zetterlund is hit by Philipp Kurashev and loses puck.
15:07 of 2nd period - Penalty to Jakub Lauko is over, Jakub Lauko is back on ice.
15:25 of 2nd period - Snap shot by Yegor Chinakhov.
15:25 of 2nd period - Stopped by Arvid Soderblom with a rebound.
15:57 of 2nd period - Chris Tierney is hit by Simon Edvinsson and loses puck.
16:02 of 2nd period - Wrist shot by Hendrix Lapierre.
16:02 of 2nd period - Stopped by Arvid Soderblom with a rebound.
17:49 of 2nd period - Jean-Luc Foudy is hit by Zach Aston-Reese and loses puck.
17:54 of 2nd period - Wrist shot by Pavel Dorofeyev.
17:54 of 2nd period - Stopped by Brian Elliott with a rebound.
17:56 of 2nd period - Slapshot by Mattias Norlinder.
17:56 of 2nd period - Stopped by Brian Elliott without a rebound.
17:57 of 2nd period - Pierre-edouard Bellemare wins face-off versus Boris Katchouk in Atlantic City Gamblers zone.
18:12 of 2nd period - Snap shot by Boris Katchouk.
18:12 of 2nd period - Shot Blocked by Dennis Cholowski.
19:06 of 2nd period - Mattias Norlinder is hit by Jean-Luc Foudy and loses puck.
19:17 of 2nd period - Slapshot by Cal Foote.
19:17 of 2nd period - Shot Misses the Net.
Goals for this period are 3 for Havana Tropicals vs 2 for Atlantic City Gamblers.
Shots for this period are 22 for Havana Tropicals vs 11 for Atlantic City Gamblers.
3rd period
0:01 of 3rd period - Nick Foligno wins face-off versus Philipp Kurashev in neutral zone.
0:04 of 3rd period - Slapshot by Thomas Harley.
0:04 of 3rd period - Shot Blocked by Zach Whitecloud.
0:09 of 3rd period - Icing by Emil Bemstrom.
0:10 of 3rd period - Nick Foligno wins face-off versus Philipp Kurashev in Havana Tropicals zone.
0:15 of 3rd period - Wrist shot by Nick Foligno.
0:15 of 3rd period - Shot Blocked by Emil Bemstrom.
0:44 of 3rd period - Wrist shot by Nils Hoglander.
0:44 of 3rd period - Stopped by Arvid Soderblom with a rebound.
1:10 of 3rd period - Slapshot by Nick Foligno.
1:10 of 3rd period - Shot Misses the Net.
1:19 of 3rd period - Snap shot by Philipp Kurashev.
1:19 of 3rd period - Shot Misses the Net.
1:21 of 3rd period - Snap shot by Emil Bemstrom.
1:21 of 3rd period - Deflect By Philipp Kurashev.
1:21 of 3rd period - Shot Misses the Net.
1:21 of 3rd period - Puck is out of play.
1:22 of 3rd period - Milan Lucic wins face-off versus Jean-Luc Foudy in Atlantic City Gamblers zone.
1:31 of 3rd period - Snap shot by Jean-Luc Foudy.
1:31 of 3rd period - Stopped by Arvid Soderblom without a rebound.
1:32 of 3rd period - Pierre-edouard Bellemare wins face-off versus Jean-Luc Foudy in Havana Tropicals zone.
1:43 of 3rd period - Wrist shot by Fabian Zetterlund.
1:43 of 3rd period - Goal by Fabian Zetterlund - Havana Tropicals : 3 - Atlantic City Gamblers : 4.
1:44 of 3rd period - Pierre-edouard Bellemare wins face-off versus Jean-Luc Foudy in neutral zone.
2:05 of 3rd period - Minor Penalty to Simon Edvinsson for Hooking.
2:06 of 3rd period - Nils Hoglander wins face-off versus Philipp Kurashev in Atlantic City Gamblers zone.
2:17 of 3rd period - Snap shot by Philipp Kurashev.
2:17 of 3rd period - Stopped by Brian Elliott with a rebound.
2:19 of 3rd period - Slapshot by Darren Raddysh.
2:19 of 3rd period - Shot Misses the Net.
2:21 of 3rd period - Snap shot by Philipp Kurashev.
2:21 of 3rd period - Shot Misses the Net.
2:31 of 3rd period - Darren Raddysh is hit by Fabian Zetterlund and loses puck.
2:37 of 3rd period - Icing by Samuel Blais.
2:38 of 3rd period - Nils Hoglander wins face-off versus Pierre-edouard Bellemare in Havana Tropicals zone.
2:59 of 3rd period - Slapshot by Milan Lucic.
2:59 of 3rd period - Shot Blocked by Nicolas Hague.
3:01 of 3rd period - Slapshot by Pierre-edouard Bellemare.
3:01 of 3rd period - Goal by Pierre-edouard Bellemare - Havana Tropicals : 4 - Atlantic City Gamblers : 4.
3:02 of 3rd period - Jean-Luc Foudy wins face-off versus Chris Tierney in neutral zone.
3:17 of 3rd period - Snap shot by Fabian Zetterlund.
3:17 of 3rd period - Shot Blocked by Darren Raddysh.
3:27 of 3rd period - Alexander Holtz is hit by Darren Raddysh and loses puck.
4:33 of 3rd period - Wrist shot by Elmer Soderblom.
4:33 of 3rd period - Stopped by Brian Elliott without a rebound.
4:34 of 3rd period - Nolan Foote wins face-off versus Jean-Luc Foudy in Atlantic City Gamblers zone.
4:53 of 3rd period - Minor Penalty to Jakub Lauko for Hooking.
4:54 of 3rd period - Nils Hoglander wins face-off versus Milan Lucic in Atlantic City Gamblers zone.
5:05 of 3rd period - Snap shot by Dennis Cholowski.
5:05 of 3rd period - Deflect By Pierre-edouard Bellemare.
5:05 of 3rd period - Stopped by Brian Elliott without a rebound.
5:06 of 3rd period - Nick Foligno wins face-off versus Philipp Kurashev in Atlantic City Gamblers zone.
5:23 of 3rd period - Snap shot by Nils Hoglander.
5:23 of 3rd period - Shot Blocked by Zach Whitecloud.
5:37 of 3rd period - Wrist shot by Nick Foligno.
5:37 of 3rd period - Stopped by Arvid Soderblom with a rebound.
5:39 of 3rd period - Backhand shot by Filip Roos.
5:39 of 3rd period - Shot Blocked by Teddy Blueger.
5:41 of 3rd period - Slapshot by Thomas Harley.
5:41 of 3rd period - Shot Misses the Net.
6:49 of 3rd period - Teddy Blueger is hit by Fabian Zetterlund and loses puck.
6:53 of 3rd period - Penalty to Jakub Lauko is over, Jakub Lauko is back on ice.
6:59 of 3rd period - Icing by Pavel Dorofeyev.
7:00 of 3rd period - Linus Karlsson wins face-off versus Pavel Dorofeyev in Havana Tropicals zone.
7:01 of 3rd period - Wrist shot by Boris Katchouk.
7:01 of 3rd period - Stopped by Arvid Soderblom without a rebound.
7:02 of 3rd period - Linus Karlsson wins face-off versus Pavel Dorofeyev in Havana Tropicals zone.
7:11 of 3rd period - Wrist shot by Boris Katchouk.
7:11 of 3rd period - Stopped by Arvid Soderblom with a rebound.
7:31 of 3rd period - Slapshot by Egor Sokolov.
7:31 of 3rd period - Stopped by Arvid Soderblom with a rebound.
7:55 of 3rd period - Snap shot by Jean-Luc Foudy.
7:55 of 3rd period - Shot Misses the Net.
7:57 of 3rd period - Slapshot by Simon Edvinsson.
7:57 of 3rd period - Shot Misses the Net.
9:28 of 3rd period - Zach Aston-Reese is hit by Hendrix Lapierre.
10:01 of 3rd period - Jean-Luc Foudy is hit by Darren Raddysh and loses puck.
10:08 of 3rd period - Slapshot by Cal Foote.
10:08 of 3rd period - Deflect By Jean-Luc Foudy.
10:08 of 3rd period - Shot Blocked by Darren Raddysh.
10:08 of 3rd period - Puck is out of play.
10:09 of 3rd period - Jean-Luc Foudy wins face-off versus Pavel Dorofeyev in Havana Tropicals zone.
10:36 of 3rd period - Boris Katchouk is hit by Chris Tierney and loses puck.
11:04 of 3rd period - Snap shot by Egor Sokolov.
11:04 of 3rd period - Shot Misses the Net.
11:06 of 3rd period - Slapshot by Alex Beaucage.
11:06 of 3rd period - Shot Misses the Net.
11:08 of 3rd period - Snap shot by Hendrix Lapierre.
11:08 of 3rd period - Goal by Hendrix Lapierre - Havana Tropicals : 4 - Atlantic City Gamblers : 5.
11:09 of 3rd period - Philipp Kurashev wins face-off versus Jakub Lauko in neutral zone.
11:12 of 3rd period - Slapshot by Zach Whitecloud.
11:12 of 3rd period - Stopped by Brian Elliott without a rebound.
11:13 of 3rd period - Fabian Zetterlund wins face-off versus Philipp Kurashev in Atlantic City Gamblers zone.
11:47 of 3rd period - Snap shot by Zach Whitecloud.
11:47 of 3rd period - Shot Blocked by Thomas Harley.
11:49 of 3rd period - Slapshot by Timothy Liljegren.
11:49 of 3rd period - Stopped by Brian Elliott without a rebound.
11:50 of 3rd period - Philipp Kurashev wins face-off versus Linus Karlsson in Atlantic City Gamblers zone.
11:53 of 3rd period - Snap shot by Philipp Kurashev.
11:53 of 3rd period - Goal by Philipp Kurashev - Havana Tropicals : 5 - Atlantic City Gamblers : 5.
11:54 of 3rd period - Philipp Kurashev wins face-off versus Nick Foligno in neutral zone.
12:53 of 3rd period - Slapshot by Jean-Luc Foudy.
12:53 of 3rd period - Shot Misses the Net.
12:55 of 3rd period - Slapshot by Ronnie Attard.
12:55 of 3rd period - Stopped by Arvid Soderblom without a rebound.
12:56 of 3rd period - Nils Hoglander wins face-off versus Samuel Blais in Havana Tropicals zone.
13:05 of 3rd period - Yegor Chinakhov is hit by Samuel Blais and loses puck.
13:26 of 3rd period - Snap shot by Zach Aston-Reese.
13:26 of 3rd period - Stopped by Brian Elliott with a rebound.
13:27 of 3rd period - Minor Penalty to Timothy Liljegren for Hooking.
13:28 of 3rd period - Jean-Luc Foudy wins face-off versus Emil Bemstrom in Havana Tropicals zone.
13:37 of 3rd period - Wrist shot by Jean-Luc Foudy.
13:37 of 3rd period - Stopped by Arvid Soderblom without a rebound.
13:38 of 3rd period - Jean-Luc Foudy wins face-off versus Pierre-edouard Bellemare in Havana Tropicals zone.
13:43 of 3rd period - Snap shot by Jean-Luc Foudy.
13:43 of 3rd period - Shot Misses the Net.
13:45 of 3rd period - Snap shot by Jean-Luc Foudy.
13:45 of 3rd period - Shot Blocked by Dennis Cholowski.
13:47 of 3rd period - Slapshot by Thomas Harley.
13:47 of 3rd period - Stopped by Arvid Soderblom with a rebound.
13:49 of 3rd period - Backhand shot by Jean-Luc Foudy.
13:49 of 3rd period - Stopped by Arvid Soderblom with a rebound.
13:51 of 3rd period - Slapshot by Thomas Harley.
13:51 of 3rd period - Shot Blocked by Emil Bemstrom.
13:53 of 3rd period - Slapshot by Filip Roos.
13:53 of 3rd period - Stopped by Arvid Soderblom with a rebound.
13:55 of 3rd period - Wrist shot by Fabian Zetterlund.
13:55 of 3rd period - Shot Misses the Net.
14:05 of 3rd period - Snap shot by Jean-Luc Foudy.
14:05 of 3rd period - Shot Misses the Net.
14:17 of 3rd period - Snap shot by Jean-Luc Foudy.
14:17 of 3rd period - Goal by Jean-Luc Foudy - Havana Tropicals : 5 - Atlantic City Gamblers : 6.
14:18 of 3rd period - Chris Tierney wins face-off versus Linus Karlsson in neutral zone.
14:31 of 3rd period - Backhand shot by Chris Tierney.
14:31 of 3rd period - Shot Misses the Net.
14:37 of 3rd period - Elmer Soderblom is hit by Linus Karlsson and loses puck.
14:50 of 3rd period - Snap shot by Nicolas Hague.
14:50 of 3rd period - Shot Misses the Net.
14:52 of 3rd period - Snap shot by Jakub Lauko.
14:52 of 3rd period - Shot Misses the Net.
14:56 of 3rd period - Snap shot by Fabian Zetterlund.
14:56 of 3rd period - Stopped by Arvid Soderblom with a rebound.
14:58 of 3rd period - Snap shot by Jean-Luc Foudy.
14:58 of 3rd period - Shot Blocked by Chris Tierney.
15:00 of 3rd period - Snap shot by Jakub Lauko.
15:00 of 3rd period - Stopped by Arvid Soderblom with a rebound.
15:09 of 3rd period - Timothy Liljegren is hit by Thomas Harley and loses puck.
17:09 of 3rd period - Snap shot by Alexander Holtz.
17:09 of 3rd period - Stopped by Arvid Soderblom with a rebound.
17:11 of 3rd period - Snap shot by Boris Katchouk.
17:11 of 3rd period - Stopped by Arvid Soderblom with a rebound.
18:14 of 3rd period - Milan Lucic is hit by Cal Foote and loses puck.
18:33 of 3rd period - Boris Katchouk is hit by Emil Bemstrom and loses puck.
18:44 of 3rd period - Mattias Norlinder is hit by Yegor Chinakhov and loses puck.
18:51 of 3rd period - Snap shot by Yegor Chinakhov.
18:51 of 3rd period - Deflect By Nick Foligno.
18:51 of 3rd period - Shot Misses the Net.
18:51 of 3rd period - Puck is out of play.
18:52 of 3rd period - Bob Boughner call a timeout for Havana Tropicals.
18:52 of 3rd period - Philipp Kurashev wins face-off versus Nick Foligno in Havana Tropicals zone.
19:42 of 3rd period - Slapshot by Nils Hoglander.
19:42 of 3rd period - Shot Blocked by Teddy Blueger.
19:44 of 3rd period - Slapshot by Cal Foote.
19:44 of 3rd period - Stopped by Arvid Soderblom without a rebound.
19:45 of 3rd period - Nick Foligno wins face-off versus Philipp Kurashev in Havana Tropicals zone.
19:48 of 3rd period - Wrist shot by Nils Hoglander.
19:48 of 3rd period - Shot Blocked by Zach Whitecloud.
19:54 of 3rd period - Wrist shot by Nils Hoglander.
19:54 of 3rd period - Shot Misses the Net.
19:56 of 3rd period - Slapshot by Nick Foligno.
19:56 of 3rd period - Shot Blocked by Zach Whitecloud.
19:58 of 3rd period - Wrist shot by Nils Hoglander.
19:58 of 3rd period - Stopped by Arvid Soderblom with a rebound.
Goals for this period are 2 for Havana Tropicals vs 3 for Atlantic City Gamblers.
Shots for this period are 8 for Havana Tropicals vs 20 for Atlantic City Gamblers.
Back to the Top